 Dungeon Crawl Stone Soup version 0.26.0-16-gc1dbca0489 (webtiles) character file.

Game seed: 4234106091927071873

86 112233 the Ducker (level 4, 0/31 HPs)
             Began as an Octopode Fighter on Jan 18, 2021.
             Slain by an orc wizard
             ... wielding a +0 dagger
              (5 damage)
             ... on level 2 of the Dungeon.
             The game lasted 00:01:19 (2570 turns).

112233 the Ducker (Octopode Fighter)                Turns: 2570, Time: 00:01:19

Health: 0/31       AC:  1    Str: 15    XL:     4   Next: 49%
Magic:  4/4        EV: 12    Int: 10    God:
Gold:   48         SH:  9    Dex: 12    Spells: 3/3 levels left

rFire    . . .     SeeInvis .     - Unarmed
rCold    . . .     Faith    .   a - +0 kite shield
rNeg     . . .     Spirit   .   (helmet restricted)
rPois    .         Reflect  .   (no amulet)
rElec    .         Harm     .   (no ring)
rCorr    .         Rampage  .   (no ring)
Will     .....                  (no ring)
Stlth    ++........             (no ring)
HPRegen  0.10/turn              (no ring)
MPRegen  0.09/turn              (no ring)
                                (no ring)
                                (no ring)

@: no status effects
A: almost no armour, stealthy swim, amphibious, 8 rings, constrict 8, camouflage
1, gelatinous body 1
a: no special abilities


You were on level 2 of the Dungeon.
You visited 1 branch of the dungeon, and saw 3 of its levels.

You collected 48 gold pieces.

Inventory:

Missiles
 f - 22 poisoned darts (quivered)
 g - 11 curare-tipped darts
Armour
 a - a +0 kite shield (worn)
Jewellery
 d - an uncursed ring of willpower {unknown}
 i - an uncursed ring of ice {unknown}
Scrolls
 c - a scroll of immolation {unknown}
 e - 4 scrolls of identify {unknown}
 j - a scroll of enchant armour {unknown}
 k - a scroll of random uselessness {unknown}
 l - a scroll of fog {unknown}
Potions
 b - a potion of might


   Skills:
 + Level 3.5 Fighting
 + Level 3.5 Dodging
 + Level 3.5 Shields
 * Level 3.2 Unarmed Combat


You had 3 spell levels left.
You didn't know any spells.
Your spell library was empty.

Dungeon Overview and Level Annotations

Branches:
Dungeon (3/15)

Altars:
Nemelex Xobeh
The Shining One


Innate Abilities, Weirdness & Mutations

You cannot wear most types of armour.
You are very stealthy in the water. (Stealth+)
You are amphibious.
You can wear up to eight rings at the same time.
You can use your tentacles to constrict eight enemies at once.
Your skin changes colour to match your surroundings (Stealth+).
Your rubbery body absorbs attacks. (AC +1, EV +1)


Message History

A puff of flame appears from out of thin air!
You block the puff of flame.
You barely miss something. Your squeeze misses something. Something hits you.
Your shield prevents you from hitting something.
Something hits you.
* * * LOW HITPOINT WARNING * * *
You tentacle-slap something.
You hear some strange, mumbled words.
A magic dart appears from out of thin air!
The magic dart hits you.
* * * LOW HITPOINT WARNING * * *
You tentacle-slap something. You block something's attack.
Unknown command.
You feel better. Something hits you.
* * * LOW HITPOINT WARNING * * *
Unknown command.
You closely miss something. Your squeeze misses something.
Something hits you but does no damage.
You closely miss something. Something hits you.
You die...

.##...............## ##.##
.##.#.########.##.# #.#
......### #....# #.# ...[....#
#.#### #.# ###.###.# ##'## #.#
# #.# #.# ##...## #.####
###.###.# ##.....## #....#
##.>.##.###....†..## ##.#.#
##....#.##......@..####....#
.........'......{..'.......####
........##.........####....)..#
##.#.#.####.......## #..#.##.#
#..###.# ##<[...## #.##.##.#
.......# ##...## #.##.##.#
#.###### ##'## #.##.##.# #.#
#.# #.##.##.# #.# #.# #.##.##.#


There were no monsters in sight!

Vanquished Creatures
  2 adders (D:2)
  A worm (D:2)
  4 dart slugs
  2 leopard geckos (D:2)
  4 orcs
  A ball python (D:1)
  7 bats
  A giant cockroach (D:1)
  6 goblins
  4 hobgoblins
  4 jackals
  5 kobolds
  2 frilled lizards
  6 rats
49 creatures vanquished.

Notes
Turn   | Place    | Note
-------+----------+-------------------------------------------
     0 | D:1      | 112233 the Octopode Fighter began the quest for the Orb.
     0 | D:1      | Reached XP level 1. HP: 16/16 MP: 1/1
   200 | D:1      | Reached XP level 2. HP: 18/21 MP: 2/2
   706 | D:1      | Reached XP level 3. HP: 24/26 MP: 3/3
  1491 | D:2      | Found a glowing golden altar of the Shining One.
  1897 | D:2      | Reached XP level 4. HP: 26/31 MP: 4/4
  1991 | D:2      | Found a sparkling altar of Nemelex Xobeh.
  2570 | D:2      | Slain by an orc wizard

Illustrated notes

Levels and vault maps discovered:
D:1:      dpeg_arrival_central, layout_basic, minmay_curled_crystal,
          minmay_ruptured
D:2:      layout_loops_corners, old_standard_altar, tso_oasis_becter
D:3:      layout_loops_ring, lemuel_doored_altar, gup_sewer_entry_bubbles,
          uniq_jessica

Skill      XL: |  1  2  3 |
---------------+----------+-----
Unarmed Combat | 3 |  3.2
Fighting       | |  3.5
Dodging        | |  3.5
Shields        | |  3.5

Action                   |  1- 3 |  4- 6 || total
-------------------------+-------+-------++-------
Melee: Unarmed           |    84 |    36 ||   120
       Constrict         |    23 |    10 ||    33
       Tentacles         |     8 |     6 ||    14
       Punch             |     3 |     2 ||     5
  Use: Potion            |       |     2 ||     2
 Stab: Sleeping          |     8 |     1 ||     9
Armor: Skin              |     7 |     1 ||     8
Dodge: Dodged            |    33 |    15 ||    48
Block: Kite shield       |    35 |    19 ||    54
